Map: Crête de Lerilak

Players

achickenwing

  • Race: Terran Terran
  • Spawn Location: 5:00

zidar - Winner!

  • Race: Terran Terran
  • League: Silver
  • Spawn Location: 11:00

VOD

Have the link to the VOD?

Description

Time

  • Played on: Feb. 18, 2016, 9:33 a.m.
  • Length: 4:30
Show
View Real Time Build Order
Export as new Build Order

achickenwing Terran 

Build Orders: Reaper Expand 

Get SALT Encoding   

  12  0:02  SCV  
  13  0:14  SCV  
  13  0:18  Supply Depot  
  14  0:26  SCV  
  15  0:40  SCV  
  15  0:41  Barracks  
  16  0:45  Refinery  
  16  0:52  SCV  
  17  1:09  SCV  
  18  1:28  Supply Depot, Orbital Command  
  19  1:40  Reaper  
  19  1:55  Command Center  
  19  1:59  SCV  
  20  2:03  Refinery  
  20  2:26  Barracks Reactor  
  20  2:27  SCV  
  21  2:33  Barracks  
  21  2:43  Factory  
  21  2:45  SCV  
  22  3:03  SCV  
  23  3:14  Marine x2  
  23  3:15  SCV  
  25  3:23  Supply Depot  
  25  3:32  Marine x2  
  27  3:51  Barracks Tech Lab  
  27  3:52  Factory Tech Lab  
  26  4:02  Marine x2  
  26  4:07  Barracks  
Show
View Real Time Build Order
Export as new Build Order

zidar Terran - Winner!

Build Orders:  

Get SALT Encoding   

  12  0:01  SCV  
  13  0:17  Supply Depot  
  13  0:19  SCV  
  14  0:39  Barracks  
  14  0:41  SCV  
  15  0:46  Refinery  
  15  1:07  Refinery  
  15  1:16  SCV  
  16  1:28  SCV  
  17  1:39  Supply Depot, Reaper  
  18  1:40  SCV  
  19  2:07  Barracks  
  19  2:11  Reaper  
  20  2:25  Factory  
  20  2:40  Barracks  
  20  2:57  Reaper  
  20  2:59  Reaper  
  21  3:29  Reaper  
  21  3:31  Reaper  
  23  3:34  Reaper  
  23  3:35  Bunker  
Tags
 
League
Silver
Matchup
TvT
Race
Terran
Spawn Locations
Cross Positions
Add a new tag
Caveats
  • Supply blocks, unpowered buildings, or Contaminate may cause inaccurate times.
  • Supply counts are checked every 10 seconds.